Map: 夏雨丛林

Players

shengy - Winner!

  • Race: Protoss Protoss
  • League: Gold
  • Spawn Location: 7:00

Versa - Winner!

  • Race: Protoss Protoss
  • Spawn Location: 6:00

gladiator

  • Race: Protoss Protoss
  • Spawn Location: 1:00

CandyHoliday

  • Race: Zerg Zerg
  • Spawn Location: 12:00

VOD

Have the link to the VOD?

Description

Time

  • Played on: Nov. 25, 2015, 9:25 p.m.
  • Length: 7:38
Show
View Real Time Build Order
Export as new Build Order

shengy Protoss - Winner!

Build Orders:  

Get SALT Encoding   

  12  0:01  Probe (Chrono Boost)  
  13  0:12  Probe (Chrono Boost)  
  14  0:24  Pylon  
  14  0:29  Probe (Chrono Boost)  
  16  0:43  Probe (Chrono Boost)  
  16  0:49  Gateway  
  16  0:53  Probe (Chrono Boost)  
  17  1:00  Assimilator  
  17  1:04  Probe (Chrono Boost)  
  18  1:14  Probe (Chrono Boost)  
  19  1:25  Probe (Chrono Boost)  
  20  1:32  Pylon  
  20  1:35  Probe (Chrono Boost)  
  20  1:39  Cybernetics Core  
  21  1:40  Zealot  
  23  1:50  Probe (Chrono Boost)  
  24  2:01  Probe (Chrono Boost)  
  25  2:11  Probe (Chrono Boost)  
  26  2:16  Pylon  
  26  2:20  Adept  
  26  2:22  Probe (Chrono Boost)  
  29  2:25  Assimilator  
  29  2:32  Pylon, Probe (Chrono Boost)  
  30  2:38  Stargate  
  30  2:47  Warp Gate (Chrono Boost)  
  30  2:57  Probe (Chrono Boost)  
  31  3:07  Gateway x2  
  31  3:11  Pylon  
  31  3:15  Mothership Core (Chrono Boost)  
  31  3:48  Robotics Facility  
  31  4:00  Stalker x2  
  31  4:01  Stalker  
  37  4:18  Nexus  
  37  4:22  Pylon  
  37  4:47  Pylon  
  37  4:53  Observer  
  38  5:02  Pylon  
  38  5:05  Stalker x3  
  44  5:19  Observer  
  36  5:57  Gateway x2  
  36  5:58  Gateway  
  36  5:59  Gateway  
  36  6:01  Warp Prism  
  38  6:07  Stalker x3  
  44  6:16  Pylon  
  44  6:18  Nexus  
  44  7:23  Zealot x3  
Show
View Real Time Build Order
Export as new Build Order

Versa Protoss - Winner!

Build Orders:  

Get SALT Encoding   

  12  0:01  Probe (Chrono Boost)  
  13  0:14  Pylon  
  13  0:19  Probe (Chrono Boost)  
  14  0:29  Probe (Chrono Boost)  
  14  0:35  Gateway  
  15  0:40  Probe (Chrono Boost)  
  16  0:45  Assimilator  
  16  0:52  Probe (Chrono Boost)  
  17  0:57  Pylon  
  17  1:07  Probe (Chrono Boost)  
  18  1:21  Probe (Chrono Boost)  
  18  1:22  Cybernetics Core  
  19  1:26  Zealot  
  21  1:33  Probe (Chrono Boost)  
  21  1:39  Gateway  
  22  1:43  Probe (Chrono Boost)  
  23  1:50  Assimilator  
  23  1:54  Zealot  
  23  1:59  Warp Gate (Chrono Boost)  
  25  2:01  Probe (Chrono Boost)  
  26  2:09  Pylon  
  26  2:13  Probe (Chrono Boost)  
  27  2:21  Gateway  
  27  2:28  Probe (Chrono Boost)  
  28  2:39  Pylon, Mothership Core (Chrono Boost)  
  30  2:47  Zealot  
  30  2:49  Sentry  
  34  3:16  Nexus  
  34  3:22  Pylon  
  34  3:28  Probe  
  35  3:38  Stargate  
  35  3:49  Robotics Facility  
  35  3:51  Probe  
  36  3:59  Stalker x2  
  40  4:06  Probe  
  41  4:11  Pylon  
  41  4:18  Probe  
  42  4:24  Gateway  
  42  4:27  Probe  
  43  4:36  Gateway, Probe  
  44  4:53  Observer (Chrono Boost)  
  44  4:58  Stalker x2  
  44  4:59  Stalker  
  51  5:03  Probe  
  51  5:05  Probe  
  53  5:21  Robotics Bay  
  51  5:39  Zealot x5  
  61  5:43  Probe  
  61  5:44  Probe, Assimilator x2  
  63  5:53  Pylon, Probe (Chrono Boost)  
  63  5:56  Probe (Chrono Boost)  
  65  6:05  Probe (Chrono Boost)  
  65  6:08  Probe (Chrono Boost)  
  67  6:14  Pylon  
  67  6:16  Probe (Chrono Boost)  
  69  6:18  Probe (Chrono Boost)  
  69  6:26  Probe (Chrono Boost)  
  69  6:29  Probe (Chrono Boost)  
  71  6:35  Gateway  
  71  6:37  Stalker x2  
  71  6:38  Sentry x3  
  81  6:40  Colossus  
  73  7:13  Probe x2 (Chrono Boost)  
  75  7:16  Assimilator  
  75  7:20  Gateway  
  75  7:25  Gateway  
Show
View Real Time Build Order
Export as new Build Order

gladiator Protoss 

Build Orders:  

Get SALT Encoding   

  12  0:04  Probe (Chrono Boost)  
  13  0:18  Assimilator  
  13  0:29  Pylon  
  13  1:02  Gateway  
  13  1:31  Gateway  
  13  1:40  Forge  
  13  1:42  Probe (Chrono Boost)  
  14  1:53  Probe (Chrono Boost)  
  15  2:02  Pylon  
  15  2:04  Probe (Chrono Boost)  
  16  2:12  Assimilator  
  16  2:14  Probe (Chrono Boost)  
  17  2:16  Zealot  
  19  2:24  Zealot  
  19  2:25  Probe (Chrono Boost)  
  22  2:40  Gateway  
  22  2:44  Probe (Chrono Boost)  
  23  2:55  Probe (Chrono Boost)  
  23  2:57  Zealot x2  
  29  3:05  Probe (Chrono Boost)  
  29  3:16  Probe (Chrono Boost)  
  30  4:23  Pylon  
  30  4:26  Pylon  
  30  4:27  Protoss Ground Weapons Level 1  
  30  4:41  Zealot x3  
  30  5:42  Zealot x3  
  34  5:51  Cybernetics Core  
  34  6:09  Zealot  
  36  6:39  Stalker x2  
  40  6:40  Adept  
  34  7:09  Adept  
Show
View Real Time Build Order
Export as new Build Order

CandyHoliday Zerg 

Build Orders: Pool First 

Get SALT Encoding   

  12  0:19  Spawning Pool  
  11  0:23  Drone  
  11  0:27  Drone  
  13  0:31  Drone  
  14  0:36  Extractor  
  14  0:39  Extractor  
  14  0:41  Drone  
  13  0:50  Drone  
  14  1:03  Overlord  
  14  1:18  Spore Crawler  
  14  1:19  Drone  
  14  1:28  Lair  
  14  1:37  Drone  
  15  1:42  Drone  
  16  1:50  Drone  
  17  1:55  Drone  
  19  2:01  Drone  
  19  2:13  Drone  
  20  2:27  Hydralisk Den  
  20  2:29  Drone  
  21  2:41  Queen  
  21  2:44  Overlord  
  22  2:49  Overseer  
  22  2:57  Lurker Den  
  22  3:07  Hydralisk  
  24  3:14  Hydralisk  
  26  3:22  Hydralisk  
  28  3:28  Overlord  
  27  4:01  Drone x2  
  30  4:02  Drone  
  30  4:25  Lurker x2  
  30  4:26  Lurker  
  33  4:42  Drone x3  
  33  4:44  Extractor  
  33  4:45  Hatchery, Extractor  
  27  5:38  Hydralisk x4  
  27  5:39  Hydralisk x2  
  36  6:02  Metabolic Boost  
  36  6:05  Muscular Augments  
  36  6:20  Roach Warren  
  35  6:48  Drone  
Tags
 
Add a new tag
Caveats
  • Supply blocks, unpowered buildings, or Contaminate may cause inaccurate times.
  • Supply counts are checked every 10 seconds.